 Dungeon Crawl Stone Soup version 0.30-a0-953-g5f1da4a474 (webtiles) character file.

Game seed: 11485708748071171295

69 Aaronimus the Cudgeller (level 4, -6/27 HPs)
             Began as a Gargoyle Gladiator on Mar 28, 2023.
             Mangled by a gnoll
             ... wielding a +0 halberd
              (9 damage)
             ... on level 2 of the Dungeon.
             The game lasted 00:41:00 (2917 turns).

Aaronimus the Cudgeller (Gargoyle Gladiator)        Turns: 2917, Time: 00:41:01

Health: -6/27      AC: 13    Str: 17    XL:     4   Next: 20%
Magic:  4/4        EV: 10    Int:  9    God:
Gold:   125        SH:  0    Dex: 13    Spells: 3/3 levels left

rFire   . . .      SeeInvis .    a - +0 flail
rCold   . . .      Faith    .    (no shield)
rNeg    + . .      Spirit   .    h - +0 scale mail
rPois   ∞          Reflect  .    D - +2 hat
rElec   +          Rampage  .    (no cloak)
rCorr   .                        w - +0 pair of gloves
Will    .....                    m - +0 pair of boots Stlth
                                 (no amulet)
HPRegen 0.24/turn                (no ring)
MPRegen 0.09/turn                (no ring)

@: no status effects
A: sickness immunity, AC +3, negative energy resistance 1, electricity
resistance, torment resistance 1, petrification resistance
a: no special abilities


You were on level 2 of the Dungeon.
You visited 1 branch of the dungeon, and saw 2 of its levels.

You collected 125 gold pieces.

Inventory:

Hand Weapons
 a - a +0 flail (weapon)
 g - a +0 sling
 j - a +0 short sword
 l - a +0 dagger
 n - a +0 hand axe
 o - a +0 whip
 q - a +0 spear
 x - a +0 whip
 y - a +0 whip
 C - a +0 club
 E - a +0 dagger
 H - a +0 dagger
 I - a +0 spear
Missiles
 d - 3 throwing nets
 e - a javelin
 k - 22 stones
 A - 2 poisoned darts (quivered)
Armour
 b - a +0 leather armour
 c - a +0 helmet
 f - a +0 scale mail
 h - a +0 scale mail (worn)
 m - a +0 pair of boots (worn)
 t - a +0 leather armour
 w - a +0 pair of gloves (worn)
 B - a +0 leather armour
 D - a +2 hat (worn)
 F - a +0 hat
Magical Staves
 G - a staff of air
Scrolls
 s - a scroll of brand weapon {unknown}
Potions
 i - a potion of degeneration {unknown}
 p - a potion of mutation {unknown}
 u - a potion of might {unknown}
 z - a potion of cancellation {unknown}


   Skills:
 + Level 2.5 Fighting
 + Level 3.9 Maces & Flails
 + Level 2.0 Throwing
 + Level 1.0 Armour
 + Level 2.9 Dodging


You had 3 spell levels left.
You didn't know any spells.
Your spell library was empty.

Dungeon Overview and Level Annotations

Branches:
Dungeon (2/15)

Altars:


Innate Abilities, Weirdness & Mutations

You are immune to sickness and miasma.
Your stone body is resilient. (AC +3)
You are immune to poison.
You resist negative energy. (rN+)
You are resistant to electric shocks. (rElec)
You are resistant to unholy torment.
You are immune to petrification.


Message History

A gnoll comes into view. It is wielding a +0 spear.
The gnoll shouts!
You hear a shout! x2
The gnoll moves out of view.
A gnoll comes into view. It is wielding a +0 halberd.
Things that are here:
a +0 spear; a gnoll corpse
I - a +0 spear You see here a poisoned dart.
You closely miss the gnoll. The gnoll barely misses you.
You closely miss the gnoll. The gnoll hits you but does no damage.
You closely miss the gnoll. The gnoll barely misses you.
A gnoll comes into view. It is wielding a +0 halberd.
The gnoll hits you with a +0 halberd!
Throw: 3 darts (poison)
Press: ? - help, Q - select action, (/) - cycle Shift-Dir - straight line, f - gnoll
Aim: a gnoll, wielding a +0 halberd (63% to hit)
You throw a poisoned dart. The poisoned dart hits the gnoll.
The gnoll is poisoned.
The gnoll hits you with a +0 halberd.
The gnoll hits you from afar with a +0 halberd.
You thump the gnoll!
The gnoll is severely wounded.
The gnoll barely misses you. The gnoll misses you.
You closely miss the gnoll.
The gnoll is severely wounded.
The gnoll hits you with a +0 halberd.
The gnoll hits you from afar with a +0 halberd.
* * * LOW HITPOINT WARNING * * *
It was a potion of magic.
Magic courses through your body. The gnoll closely misses you.
The gnoll barely misses you.
As you read the scroll labelled DEXKEI OGIUNO, it crumbles to dust.
The creatures around you are filled with an inner flame!
It was a scroll of immolation.
The gnoll looks more healthy.
The gnoll hits you with a +0 halberd.
* * * LOW HITPOINT WARNING * * *
The gnoll closely misses you.
You closely miss the gnoll.
The gnoll is severely wounded.
The gnoll hits you with a +0 halberd!
You die...

#### ..# #g#
#.####
##.#@...###
#g.g.†#...#
#####.#.#.#
.<..#.######
####.#......#
..#......#####
#####..........#
..............#
#.....###....#


You could see 3 gnolls.

Vanquished Creatures
  An adder (D:2)
  2 gnolls
  A worm (D:2)
  2 dart slugs (D:1)
  5 endoplasms
  A giant cockroach (D:2)
  A goblin (D:2)
  3 hobgoblins (D:1)
  4 kobolds
  7 ball pythons
  4 bats (D:1)
  6 rats
37 creatures vanquished.

Notes
Turn   | Place    | Note
-------+----------+-------------------------------------------
     0 | D:1      | Aaronimus the Gargoyle Gladiator began the quest for the
                  | Orb.
     0 | D:1      | Reached XP level 1. HP: 12/12 MP: 1/1
   356 | D:1      | Found a faded altar of an unknown god.
   537 | D:1      | Reached XP level 2. HP: 17/17 MP: 2/2
  1608 | D:1      | Reached XP level 3. HP: 18/21 MP: 3/3
  2653 | D:2      | Reached XP level 4. HP: 27/27 MP: 4/4
  2764 | D:2      | Reached skill level 1 in Armour
  2917 | D:2      | Mangled by a gnoll

Illustrated notes

Levels and vault maps discovered:
D:1:      saegor_arrival_simple_e, layout_loops_corners,
          chequers_ecumenical_altar_island, minmay_tripent
D:2:      layout_basic, kennysheep_big_empty_room, nicolae_titane

Skill      XL: |  1  2  3  4 |
---------------+-------------+-----
Armour         | 1 |  1.0
Throwing       | 2 |  2.0
Fighting       | |  2.5
Maces & Flails | |  3.9
Dodging        | |  2.9

Action                     |  1- 3 |  4- 6 || total
---------------------------+-------+-------++-------
  Melee: Flail             |    85 |    16 ||   101
         Punch             |     2 |       ||     2
  Throw: Dart              |     2 |     3 ||     5
         Throwing net      |     2 |       ||     2
    Use: Scroll            |     1 |     1 ||     2
         Potion            |       |     1 ||     1
 Armour: Scale mail        |    47 |     7 ||    54
  Dodge: Dodged            |    55 |    10 ||    65

Table legend: (Time is in decaauts)
 A = Elapsed time spent in this place.
 B = Non-inter-level travel time spent in this place.
 C = Inter-level travel time spent in this place.
 D = Time resting spent in this place.
 E = Time spent auto-exploring this place.
 F = Levels seen in this place.
 G = Mean time per level.
                   A        B        C        D        E       F      G
               +--------+--------+--------+--------+--------+-----+--------+
         Total |   2947 |   2865 |     82 |   1262 |      0 |   2 | 1473.5 |
       Dungeon |   2947 |   2865 |     82 |   1262 |      0 |   2 | 1473.5 |
               +--------+--------+--------+--------+--------+-----+--------+

Top non-repeatable levels by time:
     D:1: 2250 daAuts
     D:2: 697 daAuts
